 Dungeon Crawl Stone Soup version 0.25-a0-110-ge29c8f2358 (console) character file.

Game seed: 7004297585417576935, levelgen mode: deterministic

68 Kagalorn the Slasher (level 4, 0/29 HPs)
             Began as a Halfling Warper on Nov 20, 2019.
             Slain by a scorpion (7 damage)
             ... on level 3 of the Dungeon.
             The game lasted 00:04:19 (1179 turns).

Kagalorn the Slasher (Halfling Warper)              Turns: 1179, Time: 00:04:20

Health: 0/29       AC:  3    Str: 12    XL:     4   Next: 41%
Magic:  2/6        EV: 14    Int: 12    God:
Gold:   25         SH:  0    Dex: 13    Spells: 2/6 levels left

rFire    . . .     SeeInvis .   a - +0 falchion
rCold    . . .     Gourm    .   (shield restricted)
rNeg     . . .     Faith    .   b - +0 leather armour
rPois    .         Spirit   .   (no helmet)
rElec    .         Reflect  .   (no cloak)
rCorr    .         Harm     .   (no gloves)
MR       .....                  (no boots)
Stlth    +.........             (no amulet)
HPRegen  0.09/turn              (no ring)
MPRegen  0.10/turn              (no ring)

@: no status effects
A: small, mutation resistance 1
a: no special abilities


You were on level 3 of the Dungeon.
You were not hungry.

You visited 1 branch of the dungeon, and saw 4 of its levels.

You collected 25 gold pieces.

Inventory:

Hand Weapons
 a - a +0 falchion (weapon)
 j - a +0 hunting sling
Missiles
 c - 17 stones
 e - 5 boomerangs of dispersal (quivered)
Armour
 b - a +0 leather armour (worn)
 g - a +0 ring mail
Scrolls
 d - a scroll of blinking
 h - a scroll of remove curse {unknown}
 i - a scroll of magic mapping {unknown}
 m - 2 scrolls of random uselessness {unknown}
 p - a scroll of amnesia {unknown}
Potions
 k - a potion of heal wounds {unknown}
 l - a potion of ambrosia {unknown}
 o - 2 potions of curing {unknown}
Comestibles
 f - 3 rations
 n - a chunk of flesh


   Skills:
 - Level 1.7 Fighting
 + Level 3.8 Long Blades
 - Level 1.0 Throwing
 - Level 1.1 Armour
 - Level 2.1 Dodging
 - Level 1.5 Spellcasting
 * Level 1.1 Charms
 * Level 3.7 Translocations


You had 2 spell levels left.
You knew the following spells:

 Your Spells              Type           Power        Failure   Level  Hunger
a - Blink                 Tloc           N/A          12%         2    ###....
b - Shroud of Golubria    Chrm/Tloc      #.....       21%         2    ###....

Your spell library contained the following spells:

 Spells                   Type           Power        Failure   Level  Hunger
 Gell's Gravitas          Tloc           #.........   24%         3    ####...
 Lesser Beckoning         Tloc           #.........   24%         3    ####...
 Teleport Other           Tloc           #.......     24%         3    ####...
 Passage of Golubria      Tloc           N/A          61%         4    #####..


Dungeon Overview and Level Annotations

Branches:
Dungeon (4/15)
 Temple: D:4-7

Altars:


Innate Abilities, Weirdness & Mutations

You are small and have problems with some larger weapons.
You are somewhat resistant to further mutation.


Message History

You hit the scorpion but do no damage.
The scorpion is lightly wounded.
The scorpion misses you.
You closely miss the scorpion.
The scorpion is lightly wounded.
The scorpion stings you!
Your shroud falls apart!
You closely miss the scorpion.
The scorpion is lightly wounded.
The scorpion closely misses you. The scorpion stings you.
There is a stone staircase leading down, spattered with blood here.
There is a stone staircase leading down, spattered with blood here.
There is a stone staircase leading down, spattered with blood here.
Casting: Shroud of Golubria (safe; 21% risk of failure)
Confirm with . or Enter, or press ? or * to list all spells.
Space distorts slightly along a thin shroud covering your body.
You hit the scorpion but do no damage. The scorpion stings you!
* * * LOW HITPOINT WARNING * * *
The scorpion stings you!
You die...

#.. #.# #.# #.#
##.# ..# # #.##
####.####@.#
#.......s#.###.#
.##....##.....#
##.#.>s.#####
##....## ##.#...
#.##### #.# ...


You could see a scorpion.

Vanquished Creatures
  A worker ant (D:4)
  An ooze (D:1)
  3 dart slugs
  4 leopard geckos
  6 bats (D:1)
  4 giant cockroaches (D:1)
  3 hobgoblins (D:1)
  3 kobolds (D:1)
  5 frilled lizards (D:1)
  3 rats
33 creatures vanquished.

Notes
Turn   | Place    | Note
-------+----------+-------------------------------------------
     0 | D:1      | Kagalorn the Halfling Warper began the quest for the Orb.
     0 | D:1      | Reached XP level 1. HP: 14/14 MP: 3/3
   111 | D:1      | Reached XP level 2. HP: 15/19 MP: 4/4
   115 | D:1      | Learned a level 2 spell: Blink
   118 | D:1      | Learned a level 2 spell: Shroud of Golubria
   365 | D:1      | Reached XP level 3. HP: 14/24 MP: 5/5
  1071 | D:2      | You fall into a shaft and drop 2 floors!
  1115 | D:4      | Reached skill level 1 in Charms
  1115 | D:4      | Reached XP level 4. HP: 26/29 MP: 3/6
  1179 | D:3      | Slain by a scorpion

Levels and vault maps discovered:
D:1:      minmay_arrival_stair_chambers, layout_basic
D:2:      layout_loops_ring
D:3:      layout_loops_ring, kennysheep_donut, serial_bayou_pond_e,
          kb_xom_exploding_sheep
D:4:      cheibrodos_old_hovel, layout_basic, old_standard_altar,
          ebering_ghost_sewer_f, kennysheep_generic_room_10, uniq_ijyb,
          uniq_pikel, uniq_robin

Skill      XL: |  1  2  3 |
---------------+----------+-----
Long Blades    | 3 |  3.8
Charms         | 1 |  1.1
Fighting       | |  1.7
Throwing       | |  1.0
Armour         | |  1.1
Dodging        | |  2.1
Spellcasting   | |  1.5
Translocations | |  3.7

Action                   |  1- 3 |  4- 6 || total
-------------------------+-------+-------++-------
Melee: Falchion          |   102 |    12 ||   114
 Cast: Shroud of Golubri |     5 |     3 ||     8
       Blink             |     1 |       ||     1
  Eat: Chunk             |     2 |       ||     2
Armor: Leather armour    |    32 |     1 ||    33
Dodge: Dodged            |    70 |     9 ||    79
       Rpst.: Falchion   |    19 |     2 ||    21

Table legend:
 A = Non-vault XP
 B = Vault XP
 C = Vault XP percentage of total XP
 D = Non-vault monster count
 E = Vault monster count
 F = Vault count percentage of total count
                 A         B        C        D         E       F
            +---------+---------+-------+---------+---------+-------
      Total |      98 |       0 |   0.0 |      33 |       0 |   0.0
            +---------+---------+-------+---------+---------+-------
        D:1 |      57 |       0 |   0.0 |      28 |       0 |   0.0
        D:2 |       6 |       0 |   0.0 |       3 |       0 |   0.0
        D:4 |      35 |       0 |   0.0 |       2 |       0 |   0.0
            +---------+---------+-------+---------+---------+-------
